 Dungeon Crawl Stone Soup version 0.31.0-11-ge490571c62 (webtiles) character file.

Game seed: 11696068938183142372

3416 Encolpius the Severer (level 9, -4/70 HPs)
             Began as a Minotaur Berserker on Feb 4, 2024.
             Was an Elder of Trog.
             Killed from afar by an orc wizard (6 damage)
             ... with a magic dart
             ... on level 7 of the Dungeon on Feb 5, 2024.
             The game lasted 00:46:31 (7181 turns).

Encolpius the Severer (Minotaur Berserker)          Turns: 7181, Time: 00:46:31

Health: -4/70      AC:  6    Str: 26    XL:     9   Next: 76%
Magic:  8/8        EV: 15    Int:  4    God:    Trog [****..]
Gold:   351        SH:  0    Dex: 10    Spells: 8/8 levels left

rFire   x . .        q - +0 battleaxe
rCold   + . .        (shield currently unavailable)
rNeg    . . .        g - +0 scale mail
rPois   .            (helmet restricted)
rElec   .            (no cloak)
rCorr   .            (no gloves)
SInv    .            (no boots)
Will    .....        (no amulet) Stlth
                     t - +5 ring of evasion
HPRegen 0.31/turn    G - ring of ice
MPRegen 0.11/turn

%: no passive effects
@: no status effects
A: horns 2, retaliatory headbutt
a: Renounce Religion, Berserk, Trog's Hand, Brothers in Arms


You were on level 7 of the Dungeon.
You worshipped Trog.
Trog was greatly pleased with you.
You visited 2 branches of the dungeon, and saw 8 of its levels.

You collected 351 gold pieces.

Inventory:

Hand Weapons
 a - a +0 hand axe of draining
 c - a +0 quarterstaff
 h - a +0 short sword
 j - a +0 spear
 n - a +0 whip
 o - a +0 halberd
 q - a +0 battleaxe (weapon)
 v - a +0 hand axe
 x - a +5 halberd
 D - a +0 arbalest
 I - a +2 morningstar
Missiles
 C - 6 atropa-tipped darts (quivered)
Armour
 b - a +0 animal skin
 g - a +0 scale mail (worn)
 i - a +0 chain mail
 m - a +0 ring mail
 r - a +0 ring mail
 y - a +0 pair of boots
 F - a +0 scale mail
Jewellery
 t - a +5 ring of evasion (left hand)
 G - a ring of ice (right hand)
Talismans
 E - a beast talisman
Wands
 A - a wand of charming (8)
 H - a wand of polymorph (6)
Scrolls
 k - a scroll of identify
 l - a scroll of vulnerability
 p - 2 scrolls of poison
 s - 3 scrolls of teleportation
 J - 2 scrolls of immolation
Potions
 d - 2 potions of brilliance
 e - a potion of degeneration
 f - a potion of magic {unknown}
 u - a potion of cancellation {unknown}
 w - 3 potions of curing {unknown}
 z - a potion of enlightenment {unknown}
 B - a potion of heal wounds {unknown}


   Skills:
 - Level 3.6 Fighting
 + Level 16.5 Axes
 - Level 2.4 Armour
 - Level 2.1 Dodging


You had 8 spell levels left.
You didn't know any spells.
Your spell library contained the following spells:

 Spells                   Type           Power      Damage    Failure   Level
 Magic Dart               Conj           0%         1d3       78%         1
 Necrotise                Necr           0%         1d4       78%         1
 Slow                     Hex            0%         N/A       78%         1
 Blink                    Tloc           0%         N/A       89%         2
 Call Imp                 Summ           0%         N/A       89%         2
 Confusing Touch          Hex            0%         N/A       98%         3
 Sigil of Binding         Hex            0%         N/A       98%         3
 Vampiric Draining        Necr           0%         2d6       98%         3
 Martyr's Knell           Necr/Summ      0%         N/A       100%        4
 Curse of Agony           Necr           0%         N/A       100%        5


Dungeon Overview and Level Annotations

Branches:
Dungeon (7/15)             Temple (1/1) D:4

Altars:
Cheibriados
Dithmenos
Elyvilon
Fedhas
Gozag
Hepliaklqana
Kikubaaqudgha
Makhleb
Nemelex Xobeh
Okawaru
Qazlal
Ru
Sif Muna
Uskayaw
Wu Jian
Xom
Yredelemnul
The Shining One

Shops:
D:2 !   D:4 =


Innate Abilities, Weirdness & Mutations

You have a pair of horns on your head.
You reflexively headbutt those who attack you in melee.


Message History

You barely miss something. Your headbutt misses something.
You hear some strange, mumbled words.
A magic dart appears from out of thin air!
The magic dart hits you!
You miss something. Something hits you.
You miss something.
You hear some strange, mumbled words.
A magic dart appears from out of thin air!
The magic dart hits you.
You closely miss something. Something hits you.
You barely miss something. Something hits you but does no damage.
You closely miss something. Something hits you.
You barely miss something.
The orc priest invokes the aid of Beogh against you.
Beogh smites you! Something barely misses you.
You completely miss something. You closely miss something.
Your headbutt misses something. Something hits you.
You miss something.
The orc priest begins to cast a cantrip, but forgets the words!
Something hits you.
You barely miss something.
The orc priest casts a cantrip, but nothing happens.
You hear some strange, mumbled words.
Something tries to affect you, but you resist.
You slash something! Your headbutt misses something. Something hits you.
You closely miss something.
The orc priest looks satisfied for a moment.
Something hits you but does no damage.
The orc priest looks encouraged for a moment.
Something hits you.
The orc priest mumbles some strange prayers to Beogh against you.
Beogh smites you!
* * * LOW HITPOINT WARNING * * *
You hear some strange, mumbled words.
A puff of flame appears from out of thin air!
The puff of flame hits you! The fire burns you terribly!
* * * LOW HITPOINT WARNING * * *
A magic dart appears from out of thin air!
The magic dart hits you.
You die...

#####...##.##.##..#.###.#...#...#
#.......##.##..#...######'....
##...#####.##..#._.# #.#..##.
##..#####.##..#...# ##......
######........########### ##.....
.......######## #.####.###.#.#..
######## #.##....#..#.#.. #
####.##.##......... #
###########.@.........#.#.###
#.......<...##{#####......#
#.##.#.#######)# ####.### #.#.##
#o# #.## #....# #.# #..# ###..#
#.# ##.# #.####).# .<. #.#
#....>..# ... #.# #######.# ...
#.#


There were no monsters in sight!

Vanquished Creatures
  The ghost of occam the Skirmisher, a novice KoHu of Hepliaklqana (D:6)
  Edmund (D:5)
  A water moccasin (D:4)
  4 ice beasts
  2 black bears
  2 sky beasts
  An ogre (D:4)
  A phantom (D:5)
  4 bullfrogs
  A gnoll sergeant (D:5)
  4 scorpions
  5 wights (D:7)
  5 hounds
  A jelly (D:4)
  2 bombardier beetles
  2 orc priests
  3 gnoll boudas
  6 iguanas
  2 sleepcaps
  Natasha (thrice) (D:2)
  An orc wizard (D:4)
  17 adders
  20 gnolls
  2 white imps (D:5)
  2 ufetubi (D:5)
  3 dart slugs
  A ribbon worm (D:4)
  8 orcs
  8 ball pythons
  6 bats
  9 endoplasms
  7 giant cockroaches
  5 goblins
  2 hobgoblins (D:4)
  5 quokkas
  3 frilled lizards
  11 kobolds
  5 rats
166 creatures vanquished.

Notes
Turn   | Place    | Note
-------+----------+-------------------------------------------
     0 | D:1      | Encolpius the Minotaur Berserker began the quest for the
                  | Orb.
     0 | D:1      | Reached XP level 1. HP: 19/19 MP: 0/0
    18 | D:1      | Reached skill level 4 in Axes
    59 | D:1      | Reached XP level 2. HP: 26/26 MP: 1/1
    83 | D:1      | Reached skill level 5 in Axes
   147 | D:1      | Reached XP level 3. HP: 29/31 MP: 2/2
   258 | D:1      | Reached ** piety under Trog
   471 | D:2      | Found Feleawof's Distillery.
   471 | D:2      | You fall into a shaft and drop 1 floor!
   731 | D:2      | Reached skill level 6 in Axes
   731 | D:2      | Reached XP level 4. HP: 38/39 MP: 3/3
   936 | D:2      | Noticed Natasha
   944 | D:2      | Killed Natasha
  1045 | D:2      | Noticed Natasha
  1050 | D:2      | Killed Natasha
  1126 | D:2      | Noticed Natasha
  1130 | D:2      | Killed Natasha
  1131 | D:2      | Reached skill level 7 in Axes
  1131 | D:2      | Reached XP level 5. HP: 45/45 MP: 4/4
  1879 | D:4      | Reached *** piety under Trog
  1880 | D:4      | Reached skill level 8 in Axes
  1983 | D:4      | Reached XP level 6. HP: 51/51 MP: 5/5
  2000 | D:4      | Found an ancient bone altar of Kikubaaqudgha.
  2032 | D:4      | Found a glowing golden altar of the Shining One.
  2039 | D:4      | Noticed a water moccasin
  2068 | D:4      | Killed a water moccasin
  2069 | D:4      | Reached skill level 9 in Axes
  2365 | D:4      | Found Qamnejel's Jewellery Boutique.
  2457 | D:4      | Found a staircase to the Ecumenical Temple.
  2846 | D:4      | Reached XP level 7. HP: 25/57 MP: 6/6
  3657 | Temple   | Entered the Ecumenical Temple
  3724 | D:5      | Entered Level 5 of the Dungeon
  3728 | D:4      | Reached skill level 10 in Axes
  4061 | D:5      | Reached skill level 11 in Axes
  4360 | D:5      | Reached XP level 8. HP: 62/64 MP: 7/7
  4467 | D:5      | Noticed Edmund
  4480 | D:5      | Killed Edmund
  4481 | D:5      | Reached skill level 12 in Axes
  4812 | D:6      | Found a runed translucent door.
  4832 | D:6      | Reached **** piety under Trog
  4889 | D:6      | Noticed occam's ghost (novice KoHu)
  5093 | D:6      | Reached skill level 13 in Axes
  5471 | D:6      | Reached skill level 14 in Axes
  5671 | D:6      | Reached XP level 9. HP: 63/70 MP: 8/8
  6042 | D:6      | Killed occam's ghost
  6043 | D:6      | Reached skill level 15 in Axes
  6603 | D:7      | Reached skill level 16 in Axes
  6688 | D:7      | Found a basalt altar of Yredelemnul.
  7038 | D:7      | Found a burning altar of Makhleb.
  7179 | D:7      | HP: 2/70 [something/puff of flame (13)]
  7181 | D:7      | Killed from afar by an orc wizard

Illustrated notes

Levels and vault maps discovered:
D:1:      wander_arrival_fairy_ring, layout_rooms, minmay_cupped
D:2:      layout_rooms, serial_shops, shop, nicolae_eternal_life,
          minmay_misc_feat_chi, minmay_indecisive_spiral, uniq_natasha
D:3:      layout_rooms, roderic_lattice_a
D:4:      layout_loops_ring, jmf_multi_god_temple2,
          minmay_temple_entry_purple_smoke, serial_forest,
          infiniplex_forest_lined_3, infiniplex_forest_clump_medium,
          infiniplex_forest_clump_tiny, infiniplex_forest_3_way,
          infiniplex_forest_clump_small, infiniplex_forest_end_double,
          infiniplex_forest_clump_large, infiniplex_forest_lined_room_,
          serial_shops, shop, minmay_bisected
D:5:      layout_basic, uniq_edmund
D:6:      layout_loops_corners, ebering_ghost_sewer_d
D:7:      layout_loops_cross, mainiacjoe_overflow_swirl, item_on_display_b
Temple:   eino_temple_lava

Skill      XL: |  1  2  3  4  5  6  7  8  9 |
---------------+----------------------------+-----
Axes           | 4 5 6 7 8 9 11 14 16 | 16.5
Fighting       | |  3.6
Armour         | |  2.4
Dodging        | |  2.1

Action                     |  1- 3 |  4- 6 |  7- 9 || total
---------------------------+-------+-------+-------++-------
  Melee: Hand axe          |    71 |   138 |   328 ||   537
         Headbutt          |    16 |    16 |    75 ||   107
         Punch             |       |       |    11 ||    11
         Battleaxe         |       |       |    75 ||    75
 Invoke: Berserk           |       |     1 |       ||     1
    Use: Scroll            |       |       |     9 ||     9
 Armour: Animal skin       |    12 |       |       ||    12
         Scale mail        |    18 |    54 |   150 ||   222
  Dodge: Dodged            |    39 |    90 |   187 ||   316
